Canucks vs Rangers

Created - Friday, February 20, 2015 at 00:02

Goals
1 2 3 T
Canucks 1 0 1 2
Rangers 0 0 1 1
Shots
1 2 3 T
Canucks 8 14 8 30
Rangers 8 7 7 22

1st period

1. Canucks , Joel Ward 9 (Pavel Datsyuk, Andrei Markov) at 10:52

Penalties :
Kevin Shattenkirk (NYR) for Hooking (Minor) at 3:35, Niklas Hjalmarsson (Van) for Slashing (Minor) at 7:50, Maxim Lapierre (NYR) for Hooking (Minor) at 17:52

2nd period

No Goal

Penalties :
James van Riemsdyk (NYR) for Tripping (Minor) at 14:55

3rd period

2. Rangers , Kevin Bieksa 5 (Tanner Glass, Maxim Lapierre) at 6:41
3. Canucks , Joel Ward 10 (Pavel Datsyuk, Clarke MacArthur) at 13:06 (PP)

Penalties :
Kevin Bieksa (NYR) for Roughing (Minor) at 0:22, Jay McClement (NYR) for Tripping (Minor) at 3:38, Kevin Bieksa (NYR) for Hooking (Minor) at 12:42

Goalie Stats

Ben Bishop (Van), 21 saves from 22 shots - (0.955), W, 39-6-8, 60:00 minutes
Jaroslav Halak (NYR), 28 saves from 30 shots - (0.933), L, 15-17-2, 60:00 minutes

Players Stats for Canucks

Player Name              G  A  P  +/- PIM S  H  SB GA TA FO     MP     PP MP  PK MP  
------------------------------------------------------------------------------------
Andrei Markov            0  1  1   0  0   3  0  4  0  2  0/0    24:22   4:52   0:55 
Boyd Gordon              0  0  0  -1  0   0  0  0  0  0  6/7    10:07   0:00   1:18 
Brendan Gallagher        0  0  0   0  0   5  1  0  3  0  0/0    13:38   0:31   0:00 
Casey Cizikas            0  0  0  -1  0   0  1  1  0  0  0/0    10:07   0:00   1:18 
Christopher Tanev        0  0  0   0  0   0  0  0  0  0  0/0    16:37   0:00   1:04 
Clarke MacArthur         0  1  1   1  0   1  2  1  5  0  2/2    17:57   5:31   0:00 
Cody Hodgson             0  0  0   0  0   3  2  0  1  0  9/13   20:12   4:48   0:00 
Colby Robak              0  0  0   0  0   0  0  0  0  0  0/0     0:00   0:00   0:00 
Derick Brassard          0  0  0   0  0   0  1  0  2  0  0/1    18:40   4:48   0:00 
Jared Cowen              0  0  0   0  0   0  0  0  0  0  0/0    12:26   0:00   0:00 
Joel Ward                2  0  2   1  0   3  0  0  0  1  1/1    17:57   5:31   0:00 
Kyle Brodziak            0  0  0   0  0   1  2  0  0  0  8/12   14:00   0:00   0:41 
Mats Zuccarello          0  0  0   0  0   3  4  0  2  0  0/0    18:40   4:48   0:00 
Michael Grabner          0  0  0   0  0   1  0  0  1  0  0/1    19:12   5:27   0:41 
Niklas Hjalmarsson       0  0  0   0  2   3  2  3  0  0  0/0    21:50   5:27   0:00 
Pavel Datsyuk            0  2  2   0  0   4  1  0  9  0  11/15  23:51   5:00   0:00 
Victor Hedman            0  0  0   0  0   3  2  1  1  1  0/0    24:54   4:52   0:55 
Willie Mitchell          0  0  0   0  0   0  1  4  0  0  0/0    13:30   0:00   1:04 

Players Stats for Rangers

Player Name              G  A  P  +/- PIM S  H  SB GA TA FO     MP     PP MP  PK MP  
------------------------------------------------------------------------------------
Brad Richardson          0  0  0   0  0   2  2  1  1  1  0/1    13:21   0:00   1:38 
Daniel Alfredsson        0  0  0   0  0   1  0  0  0  0  0/3    16:29   1:09   1:59 
Daniel Sedin             0  0  0  -1  0   3  1  0  0  0  0/1    16:14   0:50   3:07 
Francis Bouillon         0  0  0   0  0   0  1  3  0  1  0/0    14:41   0:00   0:00 
James van Riemsdyk       0  0  0   0  2   0  2  0  0  1  8/23   20:18   1:09   5:44 
Jamie McBain             0  0  0  -1  0   3  0  1  1  0  0/0    19:54   0:48   4:39 
Jay McClement            0  0  0  -1  2   0  2  2  1  0  5/12   13:54   0:50   0:58 
Jeff Halpern             0  0  0   1  0   1  0  0  1  1  2/5    10:28   0:00   0:00 
Jeff Skinner             0  0  0   0  0   1  0  0  1  0  0/7    11:35   0:00   0:00 
Justin Falk              0  0  0   0  0   0  1  2  0  3  0/0    17:00   0:00   2:32 
Kevin Bieksa             1  0  1   1  4   2  6  3  1  4  0/0    24:22   1:11   3:59 
Kevin Shattenkirk        0  0  0   1  2   0  0  5  1  2  0/0    24:11   1:11   4:49 
Logan Couture            0  0  0   0  0   2  1  1  2  0  0/0    21:43   1:09   7:12 
Luca Sbisa               0  0  0  -1  0   2  1  1  0  1  0/0    19:54   0:48   4:39 
Matt Moulson             0  0  0   0  0   2  0  0  1  0  0/0    11:35   0:00   0:00 
Maxim Lapierre           0  1  1   1  2   1  0  0  1  0  0/0    10:35   0:00   0:00 
Tanner Glass             0  1  1   1  0   1  0  0  0  0  0/0    10:28   0:00   0:00 
Todd Bertuzzi            0  0  0  -1  0   1  0  1  1  0  0/0    12:53   0:50   0:00 

3 Stars

1 - Joel Ward (Van)
2 - Ben Bishop (Van)
3 - Kevin Bieksa (NYR)

Power Play

Canucks - 1 on 6 Attempt(s) - 16.67%
Rangers - 0 on 1 Attempt(s) - 0.00%

Penalty Kill

Canucks - 1 on 1 Attempt(s) - 100.00% - Score 0 goal in Penalty Kill
Rangers - 5 on 6 Attempt(s) - 83.33% - Score 0 goal in Penalty Kill

Team Stat

Canucks - Hits : 19 - Faceoff Wins : 37 - Blocked Shots : 14 - Penalty Minutes : 2
Rangers - Hits : 17 - Faceoff Wins : 15 - Blocked Shots : 20 - Penalty Minutes : 12

Official

Referees : Unknown
Linesman : Unknown

Game Notes

No Game Note

Finance

Level 1 -- Attendance: 5671 (94.52%) -- Ticket Income $482,035
Level 2 -- Attendance: 4672 (93.44%) -- Ticket Income $210,240
Level 3 -- Attendance: 2000 (100.00%) -- Ticket Income $58,000
Level 4 -- Attendance: 3742 (93.55%) -- Ticket Income $56,130
Luxury Box -- Attendance: 1000 (100.00%) -- Ticket Income $179,000
Game was played at the Madison Square Garden'
Total Attendance: 17085 (94.92%)
Total Ticket Income: $985,405
Other Income: $482,848
Total Income: $1,468,253

Canucks

5 vs 5 Forward 
   Center                   Left Wing                Right Wing               Time % Phy DF OF 
 1 Pavel Datsyuk            Clarke MacArthur         Joel Ward                40     1   2  2  
 2 Cody Hodgson             Derick Brassard          Mats Zuccarello          30     1   2  2  
 3 Kyle Brodziak            Michael Grabner          Brendan Gallagher        20     1   2  2  
 4 Boyd Gordon              Casey Cizikas            Pavel Datsyuk            10     1   3  1  

5 vs 5 Defense 
   Defense                  Defense                                           Time % Phy DF OF 
 1 Andrei Markov            Victor Hedman                                     40     1   2  2  
 2 Christopher Tanev        Niklas Hjalmarsson                                35     1   2  2  
 3 Jared Cowen              Willie Mitchell                                   20     1   2  2  
 4 Andrei Markov            Victor Hedman                                     5      1   2  2  

PowerPlay Forward 
   Center                   Left Wing                Right Wing               Time % Phy DF OF 
 1 Pavel Datsyuk            Clarke MacArthur         Joel Ward                60     1   1  3  
 2 Cody Hodgson             Derick Brassard          Mats Zuccarello          40     1   1  3  

PowerPlay Defense
   Defense                  Defense                                           Time % Phy DF OF 
 1 Andrei Markov            Victor Hedman                                     60     1   1  3  
 2 Michael Grabner          Niklas Hjalmarsson                                40     1   1  3  

Penalty Kill 4 Players Forward 
   Center                   Wing                     Time % Phy DF OF 
 1 Boyd Gordon              Casey Cizikas            60     1   3  1  
 2 Kyle Brodziak            Michael Grabner          40     1   3  1  

Penalty Kill 4 Players Defense
   Defense                  Defense                  Time % Phy DF OF 
 1 Andrei Markov            Victor Hedman            60     1   3  1  
 2 Christopher Tanev        Willie Mitchell          40     1   3  1  

Penalty Kill - 3 Players Forward 
   Forward                                           Time % Phy DF OF 
 1 Boyd Gordon                                       60     1   2  2  
 2 Kyle Brodziak                                     40     1   2  2  

Penalty Kill - 3 Players Defense
   Defense                  Defense                  Time % Phy DF OF 
 1 Andrei Markov            Victor Hedman            60     1   2  2  
 2 Christopher Tanev        Willie Mitchell          40     1   2  2  

4 vs 4 Forward 
   Center                   Wing                     Time % Phy DF OF 
 1 Pavel Datsyuk            Mats Zuccarello          60     1   2  2  
 2 Derick Brassard          Clarke MacArthur         40     1   2  2  

4 vs 4 Defense
   Defense                  Defense                  Time % Phy DF OF 
 1 Andrei Markov            Victor Hedman            60     1   2  2  
 2 Christopher Tanev        Niklas Hjalmarsson       40     1   2  2  

Last Minutes Offensive
   Center                   Left Wing                Right Wing               Defense                  Defense                  
   Pavel Datsyuk            Derick Brassard          Mats Zuccarello          Andrei Markov            Victor Hedman            

Last Minutes Defensive
   Center                   Left Wing                Right Wing               Defense                  Defense                  
   Kyle Brodziak            Casey Cizikas            Boyd Gordon              Christopher Tanev        Victor Hedman            

Goaltenders
Starting : Ben Bishop               
Backup : Peter Budaj              

Extra Forwards
Normal : Cody Hodgson, Brendan Gallagher, Mats Zuccarello - PP : Cody Hodgson, Brendan Gallagher - PK : Joel Ward
Extra Defensemen
Normal : Jared Cowen, Victor Hedman, Christopher Tanev - PP : Niklas Hjalmarsson - PK : Christopher Tanev, Willie Mitchell
Penalty Shots
Mats Zuccarello, Pavel Datsyuk, Derick Brassard, Joel Ward, Cody Hodgson

Rangers

5 vs 5 Forward 
   Center                   Left Wing                Right Wing               Time % Phy DF OF 
 1 James van Riemsdyk       Logan Couture            Daniel Alfredsson        35     1   2  2  
 2 Jay McClement            Daniel Sedin             Todd Bertuzzi            30     1   2  2  
 3 Jeff Skinner             Matt Moulson             Brad Richardson          22     1   2  2  
 4 Jeff Halpern             Tanner Glass             Maxim Lapierre           13     1   2  2  

5 vs 5 Defense 
   Defense                  Defense                                           Time % Phy DF OF 
 1 Kevin Bieksa             Kevin Shattenkirk                                 35     1   2  2  
 2 Jamie McBain             Luca Sbisa                                        30     1   2  2  
 3 Francis Bouillon         Justin Falk                                       22     1   2  2  
 4 Kevin Bieksa             Kevin Shattenkirk                                 13     1   2  2  

PowerPlay Forward 
   Center                   Left Wing                Right Wing               Time % Phy DF OF 
 1 James van Riemsdyk       Logan Couture            Daniel Alfredsson        60     1   2  2  
 2 Jay McClement            Daniel Sedin             Todd Bertuzzi            40     1   2  2  

PowerPlay Defense
   Defense                  Defense                                           Time % Phy DF OF 
 1 Kevin Bieksa             Kevin Shattenkirk                                 60     1   2  2  
 2 Jamie McBain             Luca Sbisa                                        40     1   2  2  

Penalty Kill 4 Players Forward 
   Center                   Wing                     Time % Phy DF OF 
 1 James van Riemsdyk       Logan Couture            60     1   2  2  
 2 Daniel Sedin             Daniel Alfredsson        40     1   2  2  

Penalty Kill 4 Players Defense
   Defense                  Defense                  Time % Phy DF OF 
 1 Kevin Bieksa             Kevin Shattenkirk        60     1   2  2  
 2 Jamie McBain             Luca Sbisa               40     1   2  2  

Penalty Kill - 3 Players Forward 
   Forward                                           Time % Phy DF OF 
 1 James van Riemsdyk                                60     1   2  2  
 2 Logan Couture                                     40     1   2  2  

Penalty Kill - 3 Players Defense
   Defense                  Defense                  Time % Phy DF OF 
 1 Kevin Bieksa             Kevin Shattenkirk        60     1   2  2  
 2 Jamie McBain             Luca Sbisa               40     1   2  2  

4 vs 4 Forward 
   Center                   Wing                     Time % Phy DF OF 
 1 James van Riemsdyk       Logan Couture            60     1   2  2  
 2 Daniel Sedin             Daniel Alfredsson        40     1   2  2  

4 vs 4 Defense
   Defense                  Defense                  Time % Phy DF OF 
 1 Kevin Bieksa             Kevin Shattenkirk        60     1   2  2  
 2 Jamie McBain             Luca Sbisa               40     1   2  2  

Last Minutes Offensive
   Center                   Left Wing                Right Wing               Defense                  Defense                  
   James van Riemsdyk       Logan Couture            Daniel Alfredsson        Kevin Bieksa             Kevin Shattenkirk        

Last Minutes Defensive
   Center                   Left Wing                Right Wing               Defense                  Defense                  
   James van Riemsdyk       Logan Couture            Daniel Alfredsson        Kevin Bieksa             Kevin Shattenkirk        

Goaltenders
Starting : Jaroslav Halak           
Backup : Chad Johnson             

Extra Forwards
Normal : Jeff Skinner, Matt Moulson, Brad Richardson - PP : Jeff Skinner, Matt Moulson - PK : Brad Richardson
Extra Defensemen
Normal : Francis Bouillon, Justin Falk, Jamie McBain - PP : Francis Bouillon - PK : Justin Falk, Jamie McBain
Penalty Shots
James van Riemsdyk, Logan Couture, Daniel Sedin, Daniel Alfredsson, Jay McClement

% Time on Ice - Canucks

Lines # - Real PCT - Wanted PCT - Time Play
Normal Forward
1 - 28% - 40% - 13:07
2 - 30% - 30% - 13:52
3 - 27% - 20% - 12:35
4 - 16% - 10% - 7:24
Normal Defense
1 - 40% - 40% - 18:35
2 - 34% - 35% - 16:09
3 - 26% - 20% - 12:14
4 - 0% - 5% - 0:00
PP Forward
1 - 53% - 60% - 5:31
2 - 47% - 40% - 4:48
PP Defense
1 - 47% - 60% - 4:52
2 - 53% - 40% - 5:27
PK Forward
1 - 66% - 60% - 1:18
2 - 34% - 40% - 0:41
PK Defense
1 - 46% - 60% - 0:55
2 - 54% - 40% - 1:04
PK3 Forward
1 - 0% - 60%
2 - 0% - 40%
PK3 Defense
1 - 0% - 60%
2 - 0% - 40%
44 Forward
1 - 0% - 60%
2 - 0% - 40%
44 Defense
1 - 0% - 60%
2 - 0% - 40%
Last Minute Offensive  - 0:00
Last Minute Defensive  - 0:44
Total
Forward - 60:00
Defense - 60:00

% Time on Ice - Rangers

Lines # - Real PCT - Wanted PCT - Time Play
Normal Forward
1 - 27% - 35% - 12:56
2 - 26% - 30% - 12:05
3 - 25% - 22% - 11:35
4 - 22% - 13% - 10:28
Normal Defense
1 - 35% - 35% - 16:25
2 - 31% - 30% - 14:27
3 - 30% - 22% - 14:03
4 - 5% - 13% - 2:09
PP Forward
1 - 58% - 60% - 1:09
2 - 42% - 40% - 0:50
PP Defense
1 - 60% - 60% - 1:11
2 - 40% - 40% - 0:48
PK Forward
1 - 81% - 60% - 8:20
2 - 19% - 40% - 1:59
PK Defense
1 - 55% - 60% - 5:40
2 - 45% - 40% - 4:39
PK3 Forward
1 - 0% - 60%
2 - 0% - 40%
PK3 Defense
1 - 0% - 60%
2 - 0% - 40%
44 Forward
1 - 0% - 60%
2 - 0% - 40%
44 Defense
1 - 0% - 60%
2 - 0% - 40%
Last Minute Offensive  - 0:38
Last Minute Defensive  - 0:00
Total
Forward - 60:00
Defense - 60:00

Play by Play

1st period


0:01 of 1st period - Pavel Datsyuk wins face-off versus James van Riemsdyk in neutral zone.
0:04 of 1st period - Snap shot by Joel Ward.
0:04 of 1st period - Shot Misses the Net.
1:13 of 1st period - Christopher Tanev is hit by Kevin Bieksa and loses puck.
1:53 of 1st period - Luca Sbisa is hit by Brendan Gallagher and loses puck.
2:06 of 1st period - Kyle Brodziak is hit by Brad Richardson and loses puck.
3:17 of 1st period - Snap shot by James van Riemsdyk.
3:17 of 1st period - Shot Misses the Net.
3:35 of 1st period - Minor Penalty to Kevin Shattenkirk for Hooking.
3:36 of 1st period - Cody Hodgson wins face-off versus James van Riemsdyk in Rangers zone.
4:33 of 1st period - Slapshot by Daniel Alfredsson.
4:33 of 1st period - Shot Blocked by Clarke MacArthur.
4:35 of 1st period - Slapshot by Luca Sbisa.
4:35 of 1st period - Stopped by Ben Bishop with a rebound.
4:37 of 1st period - Snap shot by Jamie McBain.
4:37 of 1st period - Stopped by Ben Bishop without a rebound.
4:38 of 1st period - Cody Hodgson wins face-off versus James van Riemsdyk in Canucks zone.
5:16 of 1st period - Luca Sbisa is hit by Clarke MacArthur and loses puck.
5:35 of 1st period - Penalty to Kevin Shattenkirk is over, Kevin Shattenkirk is back on ice.
7:11 of 1st period - Snap shot by Maxim Lapierre.
7:11 of 1st period - Stopped by Ben Bishop without a rebound.
7:12 of 1st period - Jeff Halpern wins face-off versus Derick Brassard in Canucks zone.
7:50 of 1st period - Minor Penalty to Niklas Hjalmarsson for Slashing.
7:51 of 1st period - Boyd Gordon wins face-off versus James van Riemsdyk in Canucks zone.
8:30 of 1st period - Victor Hedman is hit by Kevin Bieksa and loses puck.
8:46 of 1st period - Casey Cizikas is hit by Jay McClement and loses puck.
8:51 of 1st period - Snap shot by Daniel Sedin.
8:51 of 1st period - Stopped by Ben Bishop without a rebound.
8:52 of 1st period - Boyd Gordon wins face-off versus Jay McClement in Canucks zone.
9:31 of 1st period - Snap shot by Logan Couture.
9:31 of 1st period - Shot Blocked by Willie Mitchell.
9:33 of 1st period - Slapshot by Luca Sbisa.
9:33 of 1st period - Shot Blocked by Willie Mitchell.
9:35 of 1st period - Snap shot by Jamie McBain.
9:35 of 1st period - Deflect By Christopher Tanev.
9:35 of 1st period - Stopped by Ben Bishop without a rebound.
9:36 of 1st period - James van Riemsdyk wins face-off versus Boyd Gordon in Canucks zone.
9:50 of 1st period - Penalty to Niklas Hjalmarsson is over, Niklas Hjalmarsson is back on ice.
10:24 of 1st period - Slapshot by Francis Bouillon.
10:24 of 1st period - Shot Blocked by Niklas Hjalmarsson.
10:26 of 1st period - Wrist shot by Brad Richardson.
10:26 of 1st period - Shot Misses the Net.
10:28 of 1st period - Slapshot by Justin Falk.
10:28 of 1st period - Shot Misses the Net.
10:30 of 1st period - Wrist shot by Matt Moulson.
10:30 of 1st period - Deflect By Brad Richardson.
10:30 of 1st period - Stopped by Ben Bishop without a rebound.
10:31 of 1st period - Pavel Datsyuk wins face-off versus Jay McClement in Canucks zone.
10:38 of 1st period - Snap shot by Clarke MacArthur.
10:38 of 1st period - Shot Misses the Net.
10:50 of 1st period - Wrist shot by Pavel Datsyuk.
10:50 of 1st period - Shot Blocked by Todd Bertuzzi.
10:52 of 1st period - Wrist shot by Joel Ward.
10:52 of 1st period - Goal by Joel Ward - Canucks : 1 - Rangers : 0.
10:53 of 1st period - Pavel Datsyuk wins face-off versus Daniel Alfredsson in neutral zone.
11:17 of 1st period - Wrist shot by Pavel Datsyuk.
11:17 of 1st period - Shot Blocked by Kevin Bieksa.
11:19 of 1st period - Wrist shot by Joel Ward.
11:19 of 1st period - Stopped by Jaroslav Halak without a rebound.
11:20 of 1st period - Cody Hodgson wins face-off versus Jay McClement in Rangers zone.
11:21 of 1st period - Wrist shot by Mats Zuccarello.
11:21 of 1st period - Shot Misses the Net.
11:23 of 1st period - Snap shot by Christopher Tanev.
11:23 of 1st period - Shot Misses the Net.
11:25 of 1st period - Slapshot by Niklas Hjalmarsson.
11:25 of 1st period - Stopped by Jaroslav Halak with a rebound.
11:27 of 1st period - Slapshot by Cody Hodgson.
11:27 of 1st period - Stopped by Jaroslav Halak with a rebound.
11:29 of 1st period - Slapshot by Niklas Hjalmarsson.
11:29 of 1st period - Stopped by Jaroslav Halak with a rebound.
11:43 of 1st period - Jay McClement is hit by Cody Hodgson and loses puck.
12:08 of 1st period - Christopher Tanev is hit by Jay McClement and loses puck.
12:26 of 1st period - Kevin Shattenkirk is hit by Kyle Brodziak and loses puck.
12:38 of 1st period - Niklas Hjalmarsson is hit by James van Riemsdyk and loses puck.
12:56 of 1st period - Snap shot by Pavel Datsyuk.
12:56 of 1st period - Stopped by Jaroslav Halak without a rebound.
12:57 of 1st period - Pavel Datsyuk wins face-off versus Jeff Skinner in Rangers zone.
14:10 of 1st period - Snap shot by Mats Zuccarello.
14:10 of 1st period - Shot Misses the Net.
14:26 of 1st period - Snap shot by Jamie McBain.
14:26 of 1st period - Shot Blocked by Willie Mitchell.
14:28 of 1st period - Snap shot by Jamie McBain.
14:28 of 1st period - Shot Misses the Net.
14:30 of 1st period - Snap shot by Jeff Halpern.
14:30 of 1st period - Stopped by Ben Bishop with a rebound.
14:32 of 1st period - Slapshot by Jamie McBain.
14:32 of 1st period - Shot Misses the Net.
14:34 of 1st period - Snap shot by Luca Sbisa.
14:34 of 1st period - Stopped by Ben Bishop without a rebound.
14:35 of 1st period - James van Riemsdyk wins face-off versus Michael Grabner in Canucks zone.
14:41 of 1st period - Icing by Victor Hedman.
14:42 of 1st period - Kyle Brodziak wins face-off versus James van Riemsdyk in Canucks zone.
15:11 of 1st period - Snap shot by Michael Grabner.
15:11 of 1st period - Shot Blocked by Francis Bouillon.
15:13 of 1st period - Snap shot by Brendan Gallagher.
15:13 of 1st period - Shot Blocked by Francis Bouillon.
15:15 of 1st period - Snap shot by Andrei Markov.
15:15 of 1st period - Deflect By Brendan Gallagher.
15:15 of 1st period - Stopped by Jaroslav Halak with a rebound.
15:17 of 1st period - Slapshot by Andrei Markov.
15:17 of 1st period - Deflect By James van Riemsdyk.
15:17 of 1st period - Stopped by Jaroslav Halak with a rebound.
16:19 of 1st period - Kevin Bieksa is hit by Derick Brassard and loses puck.
17:47 of 1st period - Luca Sbisa is hit by Willie Mitchell.
17:52 of 1st period - Minor Penalty to Maxim Lapierre for Hooking.
17:53 of 1st period - Cody Hodgson wins face-off versus James van Riemsdyk in Rangers zone.
19:09 of 1st period - Snap shot by Mats Zuccarello.
19:09 of 1st period - Shot Blocked by Jamie McBain.
19:33 of 1st period - Clarke MacArthur is hit by Luca Sbisa and loses puck.
19:52 of 1st period - Penalty to Maxim Lapierre is over, Maxim Lapierre is back on ice.
Goals for this period are 1 for Canucks vs 0 for Rangers.
Shots for this period are 8 for Canucks vs 8 for Rangers.

2nd period


0:01 of 2nd period - Joel Ward wins face-off versus James van Riemsdyk in neutral zone.
0:24 of 2nd period - Wrist shot by Pavel Datsyuk.
0:24 of 2nd period - Stopped by Jaroslav Halak with a rebound.
0:39 of 2nd period - Logan Couture is hit by Clarke MacArthur and loses puck.
1:11 of 2nd period - Wrist shot by Todd Bertuzzi.
1:11 of 2nd period - Stopped by Ben Bishop with a rebound.
1:13 of 2nd period - Slapshot by Francis Bouillon.
1:13 of 2nd period - Shot Blocked by Andrei Markov.
1:51 of 2nd period - Niklas Hjalmarsson is hit by Justin Falk and loses puck.
2:38 of 2nd period - Jamie McBain is hit by Pavel Datsyuk.
2:49 of 2nd period - Kevin Bieksa is hit by Casey Cizikas.
3:13 of 2nd period - Slapshot by Pavel Datsyuk.
3:13 of 2nd period - Shot Blocked by Kevin Shattenkirk.
3:15 of 2nd period - Slapshot by Willie Mitchell.
3:15 of 2nd period - Shot Misses the Net.
3:20 of 2nd period - Slapshot by Clarke MacArthur.
3:20 of 2nd period - Stopped by Jaroslav Halak without a rebound.
3:21 of 2nd period - Clarke MacArthur wins face-off versus James van Riemsdyk in Rangers zone.
3:32 of 2nd period - Snap shot by James van Riemsdyk.
3:32 of 2nd period - Shot Misses the Net.
3:50 of 2nd period - Backhand shot by James van Riemsdyk.
3:50 of 2nd period - Shot Misses the Net.
3:52 of 2nd period - Slapshot by Justin Falk.
3:52 of 2nd period - Deflect By Logan Couture.
3:52 of 2nd period - Shot Misses the Net.
3:52 of 2nd period - Puck is out of play.
3:53 of 2nd period - Cody Hodgson wins face-off versus Jay McClement in Canucks zone.
4:02 of 2nd period - Daniel Sedin is hit by Niklas Hjalmarsson and loses puck.
4:27 of 2nd period - Wrist shot by Brendan Gallagher.
4:27 of 2nd period - Stopped by Jaroslav Halak without a rebound.
4:28 of 2nd period - James van Riemsdyk wins face-off versus Kyle Brodziak in Rangers zone.
4:41 of 2nd period - Off-side.
4:42 of 2nd period - Kyle Brodziak wins face-off versus James van Riemsdyk in neutral zone.
5:41 of 2nd period - Wrist shot by Daniel Sedin.
5:41 of 2nd period - Stopped by Ben Bishop with a rebound.
6:22 of 2nd period - Snap shot by Jeff Skinner.
6:22 of 2nd period - Stopped by Ben Bishop without a rebound.
6:23 of 2nd period - Boyd Gordon wins face-off versus Jeff Skinner in Canucks zone.
6:40 of 2nd period - Wrist shot by Matt Moulson.
6:40 of 2nd period - Shot Hit the Post.
6:42 of 2nd period - Slapshot by Justin Falk.
6:42 of 2nd period - Shot Blocked by Willie Mitchell.
6:44 of 2nd period - Snap shot by Brad Richardson.
6:44 of 2nd period - Stopped by Ben Bishop with a rebound.
7:20 of 2nd period - Wrist shot by Daniel Alfredsson.
7:20 of 2nd period - Stopped by Ben Bishop without a rebound.
7:21 of 2nd period - Kyle Brodziak wins face-off versus Jeff Halpern in Canucks zone.
8:21 of 2nd period - Jeff Halpern is hit by Mats Zuccarello and loses puck.
8:47 of 2nd period - Off-side.
8:48 of 2nd period - James van Riemsdyk wins face-off versus Pavel Datsyuk in neutral zone.
9:10 of 2nd period - Icing by Justin Falk.
9:11 of 2nd period - James van Riemsdyk wins face-off versus Kyle Brodziak in Rangers zone.
9:28 of 2nd period - Wrist shot by Michael Grabner.
9:28 of 2nd period - Shot Misses the Net.
10:05 of 2nd period - Justin Falk is hit by Cody Hodgson.
10:11 of 2nd period - Derick Brassard is hit by Francis Bouillon and loses puck.
10:45 of 2nd period - Snap shot by Pavel Datsyuk.
10:45 of 2nd period - Shot Blocked by Justin Falk.
10:47 of 2nd period - Wrist shot by Victor Hedman.
10:47 of 2nd period - Stopped by Jaroslav Halak without a rebound.
10:48 of 2nd period - Boyd Gordon wins face-off versus Jeff Skinner in Rangers zone.
10:55 of 2nd period - Snap shot by Casey Cizikas.
10:55 of 2nd period - Shot Blocked by Kevin Shattenkirk.
11:10 of 2nd period - Snap shot by Matt Moulson.
11:10 of 2nd period - Stopped by Ben Bishop without a rebound.
11:11 of 2nd period - Jeff Halpern wins face-off versus Kyle Brodziak in Canucks zone.
11:22 of 2nd period - Snap shot by Brendan Gallagher.
11:22 of 2nd period - Stopped by Jaroslav Halak without a rebound.
11:23 of 2nd period - Kyle Brodziak wins face-off versus Jeff Halpern in Rangers zone.
11:24 of 2nd period - Wrist shot by Michael Grabner.
11:24 of 2nd period - Stopped by Jaroslav Halak with a rebound.
12:08 of 2nd period - Jamie McBain is hit by Mats Zuccarello and loses puck.
13:09 of 2nd period - Slapshot by Clarke MacArthur.
13:09 of 2nd period - Shot Misses the Net.
13:29 of 2nd period - Wrist shot by Pavel Datsyuk.
13:29 of 2nd period - Stopped by Jaroslav Halak without a rebound.
13:30 of 2nd period - Boyd Gordon wins face-off versus James van Riemsdyk in Rangers zone.
13:41 of 2nd period - Snap shot by Pavel Datsyuk.
13:41 of 2nd period - Shot Misses the Net.
14:00 of 2nd period - Icing by Logan Couture.
14:01 of 2nd period - Kyle Brodziak wins face-off versus Daniel Alfredsson in Rangers zone.
14:02 of 2nd period - Snap shot by Brendan Gallagher.
14:02 of 2nd period - Stopped by Jaroslav Halak without a rebound.
14:03 of 2nd period - Kyle Brodziak wins face-off versus Jay McClement in Rangers zone.
14:26 of 2nd period - Snap shot by Brendan Gallagher.
14:26 of 2nd period - Stopped by Jaroslav Halak without a rebound.
14:27 of 2nd period - Cody Hodgson wins face-off versus James van Riemsdyk in Rangers zone.
14:30 of 2nd period - Backhand shot by Derick Brassard.
14:30 of 2nd period - Shot Misses the Net.
14:46 of 2nd period - Snap shot by Logan Couture.
14:46 of 2nd period - Stopped by Ben Bishop with a rebound.
14:55 of 2nd period - Minor Penalty to James van Riemsdyk for Tripping.
14:56 of 2nd period - Pavel Datsyuk wins face-off versus Brad Richardson in Rangers zone.
16:03 of 2nd period - Jay McClement is hit by Victor Hedman and loses puck.
16:08 of 2nd period - Snap shot by Derick Brassard.
16:08 of 2nd period - Shot Blocked by Luca Sbisa.
16:10 of 2nd period - Wrist shot by Michael Grabner.
16:10 of 2nd period - Shot Blocked by Jay McClement.
16:54 of 2nd period - Wrist shot by Cody Hodgson.
16:54 of 2nd period - Stopped by Jaroslav Halak with a rebound.
16:55 of 2nd period - Penalty to James van Riemsdyk is over, James van Riemsdyk is back on ice.
16:58 of 2nd period - Snap shot by Cody Hodgson.
16:58 of 2nd period - Deflect By Mats Zuccarello.
16:58 of 2nd period - Shot Misses the Net.
16:58 of 2nd period - Puck is out of play.
16:59 of 2nd period - Cody Hodgson wins face-off versus Jeff Skinner in Rangers zone.
17:28 of 2nd period - Jeff Skinner is hit by Victor Hedman and loses puck.
18:18 of 2nd period - Snap shot by Pavel Datsyuk.
18:18 of 2nd period - Stopped by Jaroslav Halak with a rebound.
18:20 of 2nd period - Snap shot by Niklas Hjalmarsson.
18:20 of 2nd period - Shot Misses the Net.
19:04 of 2nd period - Justin Falk is hit by Kyle Brodziak and loses puck.
19:46 of 2nd period - Wrist shot by Mats Zuccarello.
19:46 of 2nd period - Stopped by Jaroslav Halak with a rebound.
19:48 of 2nd period - Snap shot by Andrei Markov.
19:48 of 2nd period - Deflect By Tanner Glass.
19:48 of 2nd period - Stopped by Jaroslav Halak with a rebound.
19:50 of 2nd period - Snap shot by Mats Zuccarello.
19:50 of 2nd period - Stopped by Jaroslav Halak with a rebound.
19:52 of 2nd period - Slapshot by Andrei Markov.
19:52 of 2nd period - Deflect By Mats Zuccarello.
19:52 of 2nd period - Shot Misses the Net.
19:52 of 2nd period - Puck is out of play.
19:53 of 2nd period - Jay McClement wins face-off versus Cody Hodgson in Rangers zone.
Goals for this period are 0 for Canucks vs 0 for Rangers.
Shots for this period are 14 for Canucks vs 7 for Rangers.

3rd period


0:01 of 3rd period - James van Riemsdyk wins face-off versus Pavel Datsyuk in neutral zone.
0:04 of 3rd period - Slapshot by Logan Couture.
0:04 of 3rd period - Stopped by Ben Bishop without a rebound.
0:05 of 3rd period - Pavel Datsyuk wins face-off versus Daniel Alfredsson in Canucks zone.
0:05 of 3rd period - Pavel Datsyuk is hit by Logan Couture.
0:22 of 3rd period - Minor Penalty to Kevin Bieksa for Roughing.
0:23 of 3rd period - Pavel Datsyuk wins face-off versus James van Riemsdyk in Rangers zone.
0:41 of 3rd period - Wrist shot by Joel Ward.
0:41 of 3rd period - Shot Misses the Net.
1:17 of 3rd period - Kevin Shattenkirk is hit by Mats Zuccarello and loses puck.
1:26 of 3rd period - Niklas Hjalmarsson is hit by James van Riemsdyk.
2:22 of 3rd period - Penalty to Kevin Bieksa is over, Kevin Bieksa is back on ice.
2:23 of 3rd period - Icing by Pavel Datsyuk.
2:24 of 3rd period - Pavel Datsyuk wins face-off versus Jeff Skinner in Canucks zone.
2:24 of 3rd period - Pavel Datsyuk is hit by Brad Richardson.
2:41 of 3rd period - Off-side.
2:42 of 3rd period - Kyle Brodziak wins face-off versus Jeff Skinner in neutral zone.
2:54 of 3rd period - Off-side.
2:55 of 3rd period - Jay McClement wins face-off versus Cody Hodgson in neutral zone.
3:02 of 3rd period - Slapshot by Jamie McBain.
3:02 of 3rd period - Deflect By Andrei Markov.
3:02 of 3rd period - Stopped by Ben Bishop with a rebound.
3:16 of 3rd period - Backhand shot by Mats Zuccarello.
3:16 of 3rd period - Shot Misses the Net.
3:18 of 3rd period - Snap shot by Andrei Markov.
3:18 of 3rd period - Deflect By Jamie McBain.
3:18 of 3rd period - Stopped by Jaroslav Halak with a rebound.
3:20 of 3rd period - Snap shot by Mats Zuccarello.
3:20 of 3rd period - Deflect By Jay McClement.
3:20 of 3rd period - Stopped by Jaroslav Halak with a rebound.
3:24 of 3rd period - Snap shot by Cody Hodgson.
3:24 of 3rd period - Stopped by Jaroslav Halak with a rebound.
3:38 of 3rd period - Minor Penalty to Jay McClement for Tripping.
3:39 of 3rd period - Pavel Datsyuk wins face-off versus James van Riemsdyk in Rangers zone.
3:44 of 3rd period - Snap shot by Pavel Datsyuk.
3:44 of 3rd period - Deflect By Clarke MacArthur.
3:44 of 3rd period - Shot Blocked by Kevin Shattenkirk.
3:44 of 3rd period - Puck is out of play.
3:45 of 3rd period - Pavel Datsyuk wins face-off versus James van Riemsdyk in Rangers zone.
4:08 of 3rd period - Snap shot by Clarke MacArthur.
4:08 of 3rd period - Shot Blocked by Kevin Shattenkirk.
4:26 of 3rd period - Mats Zuccarello is hit by Kevin Bieksa.
4:30 of 3rd period - Kevin Shattenkirk is hit by Mats Zuccarello and loses puck.
4:35 of 3rd period - Wrist shot by Cody Hodgson.
4:35 of 3rd period - Shot Misses the Net.
4:37 of 3rd period - Backhand shot by Michael Grabner.
4:37 of 3rd period - Shot Blocked by Logan Couture.
4:39 of 3rd period - Slapshot by Niklas Hjalmarsson.
4:39 of 3rd period - Stopped by Jaroslav Halak without a rebound.
4:40 of 3rd period - Cody Hodgson wins face-off versus Daniel Sedin in Rangers zone.
5:38 of 3rd period - Penalty to Jay McClement is over, Jay McClement is back on ice.
5:53 of 3rd period - Snap shot by Brad Richardson.
5:53 of 3rd period - Shot Misses the Net.
6:35 of 3rd period - Slapshot by Kevin Bieksa.
6:35 of 3rd period - Shot Blocked by Andrei Markov.
6:37 of 3rd period - Snap shot by Tanner Glass.
6:37 of 3rd period - Shot Blocked by Casey Cizikas.
6:39 of 3rd period - Backhand shot by Kevin Bieksa.
6:39 of 3rd period - Shot Blocked by Victor Hedman.
6:41 of 3rd period - Slapshot by Kevin Bieksa.
6:41 of 3rd period - Deflect By Victor Hedman.
6:41 of 3rd period - Goal by Kevin Bieksa - Canucks : 1 - Rangers : 1.
6:42 of 3rd period - Jay McClement wins face-off versus Pavel Datsyuk in neutral zone.
6:53 of 3rd period - Wrist shot by Daniel Sedin.
6:53 of 3rd period - Shot Blocked by Andrei Markov.
7:09 of 3rd period - Slapshot by Kevin Shattenkirk.
7:09 of 3rd period - Shot Misses the Net.
7:52 of 3rd period - Icing by Kevin Bieksa.
7:53 of 3rd period - Jay McClement wins face-off versus Kyle Brodziak in Rangers zone.
9:14 of 3rd period - Slapshot by Cody Hodgson.
9:14 of 3rd period - Shot Blocked by Francis Bouillon.
9:21 of 3rd period - Slapshot by Niklas Hjalmarsson.
9:21 of 3rd period - Deflect By Derick Brassard.
9:21 of 3rd period - Shot Blocked by Justin Falk.
9:21 of 3rd period - Puck is out of play.
9:22 of 3rd period - Boyd Gordon wins face-off versus Jeff Halpern in Rangers zone.
9:23 of 3rd period - Snap shot by Pavel Datsyuk.
9:23 of 3rd period - Shot Blocked by Kevin Shattenkirk.
9:43 of 3rd period - Wrist shot by Jeff Halpern.
9:43 of 3rd period - Shot Misses the Net.
9:45 of 3rd period - Snap shot by Kevin Bieksa.
9:45 of 3rd period - Shot Blocked by Andrei Markov.
9:47 of 3rd period - Slapshot by Kevin Bieksa.
9:47 of 3rd period - Deflect By Tanner Glass.
9:47 of 3rd period - Stopped by Ben Bishop without a rebound.
9:48 of 3rd period - Kyle Brodziak wins face-off versus Jeff Skinner in Canucks zone.
9:55 of 3rd period - Wrist shot by Jared Cowen.
9:55 of 3rd period - Shot Blocked by Brad Richardson.
9:57 of 3rd period - Slapshot by Willie Mitchell.
9:57 of 3rd period - Shot Misses the Net.
10:13 of 3rd period - Snap shot by Brendan Gallagher.
10:13 of 3rd period - Deflect By Kyle Brodziak.
10:13 of 3rd period - Stopped by Jaroslav Halak without a rebound.
10:14 of 3rd period - Jay McClement wins face-off versus Cody Hodgson in Rangers zone.
10:19 of 3rd period - Victor Hedman is hit by Daniel Sedin and loses puck.
10:42 of 3rd period - Snap shot by Daniel Sedin.
10:42 of 3rd period - Shot Misses the Net.
10:44 of 3rd period - Slapshot by Kevin Bieksa.
10:44 of 3rd period - Stopped by Ben Bishop without a rebound.
10:45 of 3rd period - James van Riemsdyk wins face-off versus Pavel Datsyuk in Canucks zone.
11:57 of 3rd period - Snap shot by Jeff Skinner.
11:57 of 3rd period - Deflect By Matt Moulson.
11:57 of 3rd period - Stopped by Ben Bishop without a rebound.
11:58 of 3rd period - Cody Hodgson wins face-off versus Jay McClement in Canucks zone.
12:11 of 3rd period - Victor Hedman is hit by Kevin Bieksa and loses puck.
12:30 of 3rd period - Wrist shot by Cody Hodgson.
12:30 of 3rd period - Shot Blocked by Jay McClement.
12:32 of 3rd period - Snap shot by Victor Hedman.
12:32 of 3rd period - Shot Blocked by Kevin Bieksa.
12:34 of 3rd period - Slapshot by Victor Hedman.
12:34 of 3rd period - Stopped by Jaroslav Halak with a rebound.
12:42 of 3rd period - Minor Penalty to Kevin Bieksa for Hooking.
12:43 of 3rd period - Pavel Datsyuk wins face-off versus James van Riemsdyk in Rangers zone.
13:04 of 3rd period - Slapshot by Pavel Datsyuk.
13:04 of 3rd period - Shot Misses the Net.
13:06 of 3rd period - Snap shot by Joel Ward.
13:06 of 3rd period - Goal by Joel Ward - Canucks : 2 - Rangers : 1.
13:07 of 3rd period - James van Riemsdyk wins face-off versus Cody Hodgson in neutral zone.
13:33 of 3rd period - Snap shot by Logan Couture.
13:33 of 3rd period - Shot Blocked by Niklas Hjalmarsson.
13:41 of 3rd period - Niklas Hjalmarsson is hit by Kevin Bieksa and loses puck.
14:05 of 3rd period - Wrist shot by Daniel Sedin.
14:05 of 3rd period - Stopped by Ben Bishop without a rebound.
14:06 of 3rd period - Clarke MacArthur wins face-off versus Jay McClement in Canucks zone.
15:54 of 3rd period - Snap shot by Logan Couture.
15:54 of 3rd period - Shot Blocked by Niklas Hjalmarsson.
16:16 of 3rd period - Christopher Tanev is hit by Kevin Bieksa and loses puck.
17:43 of 3rd period - Snap shot by Pavel Datsyuk.
17:43 of 3rd period - Shot Misses the Net.
18:55 of 3rd period - Brad Richardson is hit by Niklas Hjalmarsson and loses puck.
19:30 of 3rd period - Snap shot by Victor Hedman.
19:30 of 3rd period - Shot Blocked by Kevin Bieksa.
19:32 of 3rd period - Snap shot by Victor Hedman.
19:32 of 3rd period - Stopped by Jaroslav Halak with a rebound.
Goals for this period are 1 for Canucks vs 1 for Rangers.
Shots for this period are 8 for Canucks vs 7 for Rangers.


Output by the SimonT Hockey Simulator (STHS) for Eric Dolegowski -- Original Page W3C XHTML 1.0 Valid
Hockey Simulator - Hockey Simulation - Hockey Manager